 Dungeon Crawl Stone Soup version 0.21.1-1-g345015fe64 (webtiles) character file.

23296 DildoBatman the Bewitcher (level 13, -2/96 HPs)
             Began as a Formicid Enchanter on Feb 19, 2018.
             Was a High Priest of Sif Muna.
             Slain by a harpy (13 damage)
             ... summoned by Kirke
             ... on level 12 of the Dungeon.
             The game lasted 01:30:33 (20481 turns).

DildoBatman the Bewitcher (Formicid Enchanter)     Turns: 20481, Time: 01:30:34

Health: -2/96      AC:  0    Str: 17    XL:     13   Next: 34%
Magic:  25/25      EV: 16    Int: 16    God:    Sif Muna [*****.]
Gold:   760        SH:  0    Dex: 11    Spells: 24/28 levels left

rFire    . . .     SeeInvis .   (weapon currently unavailable)
rCold    . . .     Gourm    .   (shield currently unavailable)
rNeg     . . .     Faith    +   (armour currently unavailable)
rPois    .         Spirit   .   (helmet unavailable)
rElec    .         Reflect  .   (cloak currently unavailable)
rCorr    .         Harm     .   (gloves currently unavailable)
MR       +....                  (boots currently unavailable)
Stlth    +++.......             j - amulet of faith
HPRegen  0.26/turn              (ring currently unavailable)
MPRegen  0.19/turn              (ring currently unavailable)

@: pig-form, very quick
A: small, permanent stasis, dig shafts and tunnels, four strong arms
a: Divine Energy, Channel Magic, Forget Spell, Renounce Religion


You were on level 12 of the Dungeon.
You worshipped Sif Muna.
Sif Muna was extremely pleased with you.
You were not hungry.
You were a filthy swine.
You visited 2 branches of the dungeon, and saw 13 of its levels.
You also visited: Labyrinth.

You collected 760 gold pieces.

Inventory:

Hand Weapons
 K - the +11 quarterstaff of Guilt (melded) {drain, Fragile rC++ SInv Stlth+}
   (You found it on level 6 of the Dungeon)

   A truly terrible weapon, it drains the life of those it strikes.
   It greatly protects you from cold.
   It lets you see invisible.
   It will be destroyed if unequipped.
   It makes you more stealthy.
Armour
 b - the +4 ring mail of the Untouchables {Slay+2, unknown}
   (You found it on level 12 of the Dungeon)

   It affects your accuracy and damage with ranged weapons and melee attacks
   (+2).
 d - a +0 pair of gloves (melded)
 m - a +2 robe
 o - a +0 troll leather armour
 p - the +3 scale mail "Loffeag" {rElec MR+ Dex+2}
   (You found it on level 11 of the Dungeon)

   It affects your dexterity (+2).
   It insulates you from electricity.
   It affects your resistance to hostile enchantments.
 s - a +1 robe of cold resistance
 F - a +2 robe of magic resistance
 L - a +0 pair of boots (melded)
 M - a +1 robe of the Archmagi (melded)
 X - a +0 cloak (melded)
Jewellery
 c - a cursed amulet of harm
 i - the ring of Kuthrat {Ice +Fly rN++ Int+2 Slay-3}
   (You found it in a labyrinth)

   [ring of ice]

   It enhances your ice magic.
   It affects your intelligence (+2).
   It affects your accuracy and damage with ranged weapons and melee attacks
   (-3).
   It makes you vulnerable to fire.
   It protects you from cold.
   It greatly protects you from negative energy.
   It lets you fly.
 j - an amulet of faith (around neck)
 w - a ring of magical power (melded)
 I - a ring of poison resistance (melded)
 Q - an uncursed ring of protection from fire
Wands
 e - a wand of scattershot (4)
Scrolls
 x - 11 scrolls of remove curse
 z - 5 scrolls of identify
Potions
 h - 3 potions of heal wounds
 t - 3 potions of resistance
 J - a potion of invisibility
Miscellaneous
 g - a lamp of fire
Comestibles
 v - 26 rations


   Skills:
 - Level 7.0 Fighting
   Level 1.0 Short Blades
 - Level 6.0 Armour
 - Level 5.0 Dodging
 - Level 7.1 Stealth
 - Level 8.0 Spellcasting
 * Level 17.5 Hexes
 * Level 7.4 Evocations


You had 24 spell levels left.
You knew the following spells:

 Your Spells              Type           Power        Failure   Level  Hunger
a - Corona                Hex            ######.      0%          1    None
b - Confuse               Hex            ######..     1%          3    ##.....


Dungeon Overview and Level Annotations

Branches:
Dungeon (12/15)            Temple (1/1) D:7            Lair (0/6) D:10
    Orc (0/2) D:12

Altars:
Ashenzari
Cheibriados
Dithmenos
Elyvilon
Fedhas
Gozag
Hepliaklqana
Kikubaaqudgha
Makhleb
Nemelex Xobeh
Okawaru
Qazlal
Ru
Sif Muna
Trog
Uskayaw
Vehumet
Wu Jian
Xom
Yredelemnul
Zin
The Shining One

Shops:
D:11 *

Annotations:
D:9 exclusion: cacodemon
D:11 1 exclusion
D:12 Kirke


Innate Abilities, Weirdness & Mutations

You cannot be hasted, slowed, berserked, paralysed or teleported.
You can dig through walls and to a lower floor.
Your four strong arms can wield two-handed weapons with a shield.
((You have a pair of large antennae on your head. (SInv)))


Message History

The harpy misses you. The harpy claws you! x2
The harpy misses you. The harpy closely misses you.
The harpy screeches!
The harpy claws you! The harpy closely misses you. The harpy misses you.
The harpy claws you! The harpy claws you! The harpy completely misses you.
You see here a club.
You can't do that in your present form.
Unknown command.
The harpy barely misses you. The harpy claws you.
The harpy screeches!
The harpy barely misses you. The harpy claws you!
You die...

#####.####### ####..########
#............# ..#..........#
############### ###..........#
#.............# #....[.....#
####........####.# ###..........#
#.....#####.## #.#
.............###.H..(#......###.#
###...........##hH...#........#..
#...............##)#...####.##.
#..........##...#⌠.##'##.⌠#..#.
#####.######....#.........#....
#.# #...#####........####.
#.####)..#...#.......#...#.
##.#......#...'..._...'.....
#..#.####.#...#.......#.(.#. #
#....# ##.####........#..##.


You could see 2 harpies.

Vanquished Creatures
  A minotaur (Lab)
  Josephine (D:11)
  4 two-headed ogres
  The ghost of Gargoyl the Covered, a novice CeAK of Lugonu (D:8)
  Nergalle (D:12)
  The ghost of krabocopter the Fighter, a novice GnWn (D:7)
  Sonja (D:11)
  An unseen horror (D:10)
  Pikel (D:3)
  An ugly thing (D:11)
  A deep elf mage (D:12)
  A manticore (D:11)
  Psyche (D:12)
  A gargoyle (D:12)
  The ghost of BrokenGlass the Insei, a novice OpFi (D:6)
  3 kobold demonologists
  A troll (D:11)
  2 hornets
  3 hippogriffs
  Grinder (D:3)
  2 shadows
  5 yaks
  Sigmund (D:4)
  A human (D:10)
  5 basilisks
  10 hogs
  3 wraiths
  A steam dragon (D:9)
  3 hungry ghosts
  2 vampire mosquitoes (D:12)
  The ghost of BrokenGlass the Insei, an amateur OpFi (D:3)
  Menkaure (D:5)
  Edmund (D:4)
  A swamp drake (D:12)
  7 sky beasts
  2 ice beasts (D:6)
  4 slaves (D:4)
  An eye of draining (D:11)
  7 orc warriors
  2 phantoms
  A black bear (D:9)
  8 ogres
  9 centaurs
  A crocodile (D:10)
  2 big kobolds (D:10)
  11 bullfrogs
  4 scorpions
  A water moccasin zombie (D:8)
  A wyvern skeleton (D:8)
  4 killer bees
  15 wights
  A vampire bat (D:8)
  2 electric eels (D:10)
  5 crimson imps
  A centaur zombie (D:12)
  A bullfrog zombie (D:5)
  12 orc priests
  3 bullfrog skeletons
  5 hounds
  3 jellies
  Crazy Yiuf (D:2)
  A centaur skeleton (D:4)
  An iron imp (D:5)
  23 orc wizards
  Ijyb (D:3)
  4 iguanas
  3 worker ants
  A killer bee zombie (D:8)
  A hound zombie (D:10)
  2 hound skeletons
  A howler monkey zombie (D:9)
  2 worker ant zombies
  Robin (D:4)
  5 adders
  A shadow imp (D:12)
  2 oozes
  3 adder skeletons
  3 worms
  3 dart slugs
  6 leopard geckos
  55 orcs
  5 bats
  2 bat skeletons (D:8)
  3 bat zombies (D:8)
  4 giant cockroaches
  18 goblins
  18 hobgoblins
  17 jackals
  12 kobolds
  6 quokkas
  4 ball pythons
  5 frilled lizards
  A leopard gecko zombie (D:5)
  A quokka skeleton (D:4)
  A quokka zombie (D:6)
  7 rats
  A fungus (D:10)
  5 plants (D:10)
408 creatures vanquished.

Vanquished Creatures (collateral kills)
  A killer bee (D:7)
1 creature vanquished.

Vanquished Creatures (others)
  An orc wizard (D:6)
  3 plants (D:10)
4 creatures vanquished.

Grand Total: 413 creatures vanquished

Notes
Turn   | Place    | Note
-------+----------+-------------------------------------------
     0 | D:1      | DildoBatman the Formicid Enchanter began the quest for the Orb.
     0 | D:1      | Reached XP level 1. HP: 13/13 MP: 3/3
    95 | D:1      | Reached skill level 1 in Fighting
   374 | D:1      | Reached XP level 2. HP: 10/22 MP: 3/5
  1274 | D:1      | Reached XP level 3. HP: 28/28 MP: 6/6
  1279 | D:1      | Learned a level 3 spell: Confuse
  2308 | D:2      | Reached XP level 4. HP: 27/35 MP: 7/7
  2356 | D:2      | Reached skill level 1 in Armour
  3589 | D:2      | Found a runed door.
  3808 | D:3      | Found an ornate altar of the Wu Jian Council.
  3812 | D:3      | Reached XP level 5. HP: 38/41 MP: 8/8
  3851 | D:3      | Noticed BrokenGlass's ghost (amateur OpFi)
  4032 | D:3      | Noticed a phantom
  4252 | D:3      | Noticed a centaur
  4542 | D:3      | Noticed Ijyb
  4752 | D:3      | Noticed Grinder
  4805 | D:3      | Found a white marble altar of Elyvilon.
  5648 | D:4      | Reached XP level 6. HP: 48/48 MP: 9/9
  5673 | D:4      | Found a shimmering altar of Xom.
  5687 | D:4      | Noticed a slave
  5688 | D:4      | Noticed Pikel
  5688 | D:4      | Noticed a slave
  5689 | D:4      | Noticed a slave
  5690 | D:4      | Noticed a slave
  5750 | D:4      | Killed a slave
  5906 | D:4      | Reached skill level 5 in Stealth
  6142 | D:4      | Noticed Robin
  6178 | D:4      | Killed Robin
  6651 | D:4      | Killed a slave
  6945 | D:4      | Killed a slave
  7285 | D:4      | Noticed Edmund
  7434 | D:4      | Killed a slave
  7842 | D:5      | Entered Level 5 of the Dungeon
  7904 | D:5      | Noticed Sigmund
  8121 | D:5      | Found a deep blue altar of Sif Muna.
  8128 | D:5      | Became a worshipper of Sif Muna the Loreminder
  8145 | D:5      | Found a bloodstained altar of Trog.
  8145 | D:5      | Found a radiant altar of Vehumet.
  8171 | D:5      | Noticed an ogre
  8177 | D:5      | Found a bloodstained altar of Trog.
  8181 | D:5      | Killed an ogre
  8206 | D:5      | Reached XP level 7. HP: 42/55 MP: 10/10
  8251 | D:5      | Noticed Menkaure
  8306 | D:5      | Reached skill level 4 in Hexes
  8836 | D:5      | Found a snail-covered altar of Cheibriados.
  9187 | D:5      | Got a clouded lead amulet
  9338 | D:5      | Found a deep blue altar of Sif Muna.
  9530 | D:6      | Got a shimmering quarterstaff
  9532 | D:6      | Identified the +11 quarterstaff of Guilt {drain, Fragile rC++ SInv Stlth+} (You found it on level 6 of the Dungeon)
  9551 | D:6      | Reached skill level 5 in Fighting
  9552 | D:6      | Reached XP level 8. HP: 45/62 MP: 13/13
  9605 | D:6      | Found an iron altar of Okawaru.
  9619 | D:6      | Reached skill level 5 in Hexes
  9684 | D:6      | Reached skill level 6 in Hexes
  9690 | D:6      | Reached * piety under Sif Muna
  9765 | D:6      | Reached skill level 7 in Hexes
  9805 | D:6      | Noticed BrokenGlass's ghost (novice OpFi)
  9818 | D:6      | Killed BrokenGlass's ghost
  9818 | D:6      | Reached skill level 8 in Hexes
  9936 | D:6      | Reached XP level 9. HP: 64/68 MP: 15/15
  9943 | D:6      | Reached skill level 9 in Hexes
 10038 | D:6      | Found a glowing golden altar of the Shining One.
 10274 | D:5      | Killed Menkaure
 10496 | D:4      | Killed Edmund
 10496 | D:4      | Reached ** piety under Sif Muna
 10496 | D:4      | Reached skill level 10 in Hexes
 10610 | D:4      | Killed Sigmund
 10701 | D:3      | Killed Pikel
 10701 | D:3      | Reached skill level 5 in Spellcasting
 10701 | D:3      | Reached skill level 11 in Hexes
 10730 | D:3      | Killed BrokenGlass's ghost
 10859 | D:3      | Killed Grinder
 10859 | D:3      | Reached XP level 10. HP: 61/74 MP: 7/18
 10890 | D:3      | Reached skill level 12 in Hexes
 10930 | D:3      | Killed Ijyb
 11010 | D:3      | Reached *** piety under Sif Muna
 11158 | D:2      | Noticed Crazy Yiuf
 11163 | D:2      | Killed Crazy Yiuf
 11809 | D:7      | Found a shadowy altar of Dithmenos.
 11828 | D:7      | Found a staircase to the Ecumenical Temple.
 11927 | Temple   | Entered the Ecumenical Temple
 12197 | D:7      | Found a stormy altar of Qazlal.
 12206 | D:7      | Noticed krabocopter's ghost (novice GnWn)
 12233 | D:7      | Killed krabocopter's ghost
 12233 | D:7      | Reached skill level 5 in Armour
 12878 | D:8      | Noticed a two-headed ogre
 12928 | D:8      | Killed a two-headed ogre
 12928 | D:8      | Reached XP level 11. HP: 65/81 MP: 21/21
 12948 | D:8      | Reached skill level 13 in Hexes
 12997 | D:8      | Found an ancient bone altar of Kikubaaqudgha.
 13034 | D:8      | Noticed Gargoyl's ghost (novice CeAK)
 13099 | D:8      | Killed Gargoyl's ghost
 13099 | D:8      | Reached **** piety under Sif Muna
 13115 | D:8      | Noticed a two-headed ogre
 13143 | D:8      | Killed a two-headed ogre
 13143 | D:8      | Reached skill level 14 in Hexes
 13286 | D:8      | Identified the amulet "Toroplie" {Reflect *Contam rC+ MR+++ Dex+4 SH+3} (You found it on level 5 of the Dungeon)
 13866 | D:9      | Found a burning altar of Makhleb.
 13875 | D:9      | Noticed a cacodemon
 14382 | D:9      | Reached skill level 15 in Hexes
 14390 | D:10     | Entered Level 10 of the Dungeon
 14607 | D:10     | Found a sparkling altar of Nemelex Xobeh.
 14691 | D:10     | Found a staircase to the Lair.
 14743 | D:10     | Noticed an unseen horror
 14765 | D:10     | Killed an unseen horror
 14765 | D:10     | Reached ***** piety under Sif Muna
 14765 | D:10     | Identified Sif Muna's Guide on the Ashen Voyage (Sif Muna gifted it to you on level 10 of the Dungeon)
 14765 | D:10     | Received a gift from Sif Muna
 15111 | D:10     | Reached skill level 16 in Hexes
 15160 | D:10     | Reached XP level 12. HP: 80/88 MP: 22/22
 16024 | D:11     | Noticed Josephine
 16344 | D:11     | Noticed Sonja
 16361 | D:11     | Killed Sonja
 16558 | D:11     | Reached skill level 1 in Evocations
 16734 | D:11     | Got a faintly glowing scale mail
 16763 | D:11     | Identified the +3 scale mail "Loffeag" {rElec MR+ Dex+2} (You found it on level 11 of the Dungeon)
 16935 | D:11     | Killed Josephine
 17246 | D:11     | Reached skill level 5 in Dodging
 17262 | D:11     | Found Bepo Hui's General Store.
 17353 | D:11     | Noticed a two-headed ogre
 17410 | D:11     | Killed a two-headed ogre
 17725 | D:12     | Noticed a two-headed ogre
 17740 | D:12     | Killed a two-headed ogre
 17740 | D:12     | Identified Vuthra's Grimoire of the Enthralling Escort (Sif Muna gifted it to you on level 12 of the Dungeon)
 17740 | D:12     | Received a gift from Sif Muna
 17885 | D:12     | Reached skill level 5 in Evocations
 17964 | D:12     | Found a shattered altar of Ashenzari.
 18015 | D:12     | Noticed Nergalle
 18025 | D:12     | Killed Nergalle
 18025 | D:12     | Reached XP level 13. HP: 87/96 MP: 25/25
 18048 | D:12     | Found a labyrinth entrance.
 18070 | D:12     | Noticed Psyche
 18072 | Lab      | Entered a labyrinth
 18386 | Lab      | Noticed a minotaur
 18395 | Lab      | Killed a minotaur
 18395 | Lab      | Reached skill level 17 in Hexes
 18403 | Lab      | Got a translucent bronze ring
 18404 | Lab      | Got an ancient broad axe
 18404 | Lab      | Got a twisted spear
 18464 | Lab      | Got a brightly glowing trident
 19305 | D:12     | Killed Psyche
 19337 | D:12     | Identified the ring of Kuthrat {Ice +Fly rN++ Int+2 Slay-3} (You found it in a labyrinth)
 19701 | D:12     | Noticed Kirke
 19879 | D:12     | Got a translucent ring mail
 20178 | D:12     | Found a staircase to the Orcish Mines.
 20481 | D:12     | Slain by a harpy

Skill      XL: |  1  2  3  4  5  6  7  8  9 10 11 12 13 |
---------------+----------------------------------------+-----
Fighting       | 1 2 3 4 5 6 7 |  7.0
Dodging        | 2 3 4 5 |  5.0
Armour         | 2 3 4 5 6 |  6.0
Stealth        | 4 5 6 7 |  7.1
Hexes          | 4 8 11 12 16 17 | 17.5
Spellcasting   | 3 4 5 7 8 |  8.0
Evocations     | 5 7 |  7.4
Short Blades   | |  1.0

Action                   |  1- 3 |  4- 6 |  7- 9 | 10-12 | 13-15 || total
-------------------------+-------+-------+-------+-------+-------++-------
Melee: Dagger            |   144 |   460 |   132 |       |       ||   736
       Spear             |    12 |       |       |       |       ||    12
       Quarterstaff      |       |       |    93 |   661 |   150 ||   904
       Unarmed           |       |       |       |       |     1 ||     1
 Cast: Corona            |    38 |    96 |    33 |    48 |     5 ||   220
       Confuse           |       |    36 |    41 |   173 |    42 ||   292
Invok: Channel Magic     |       |       |       |     1 |       ||     1
 Abil: Dig               |     5 |    21 |     4 |    23 |    36 ||    89
  Use: Potion            |       |       |       |     2 |       ||     2
       Scroll            |       |       |       |    10 |     1 ||    11
 Stab: Sleeping          |     2 |     4 |     2 |    10 |     1 ||    19
       Confused          |       |     6 |    15 |    50 |    11 ||    82
       Distracted        |       |       |     1 |     1 |       ||     2
  Eat: Chunk             |    16 |    23 |    18 |    27 |     9 ||    93
       Ration            |       |       |       |     1 |     2 ||     3
Armor: Robe              |    24 |   121 |       |    52 |     5 ||   202
       Ring mail         |       |     7 |    56 |     2 |       ||    65
       Scale mail        |       |       |       |    32 |       ||    32
       Troll leather arm |       |       |       |    27 |    35 ||    62
Dodge: Dodged            |    96 |   273 |   100 |   336 |    96 ||   901
